| TOP OF THE 1ST |
|
Milwaukee Brewers batting - Pitching for Minnesota Twins : RHP Marcos Ortega
|
|
Pitching: RHP Marcos Ortega
|
|
|
Batting: RHB Steve Sax
|
0-0: Ball 1-0: DOUBLE (Line Drive, 9LS, EV 111.9 MPH)
|
|
Batting: LHB Von Hayes
|
0-0: Ball 1-0: Foul Ball, location: 2F 1-1: Called Strike 1-2: Ball 2-2: Strikes out looking
|
|
Batting: RHB Eric Davis
|
0-0: Called Strike 0-1: Foul Ball, location: 2F 0-2: Strikes out swinging
|
|
Batting: SHB Eddie Murray
|
0-0: Ball 1-0: Foul Ball, location: 2F 1-1: Foul Ball, location: 2F 1-2: Ground out U3 (Groundball, 3, EV 88.1 MPH)
|
| Top of the 1st over - 0 runs, 1 hit, 0 errors, 1 left on base; Milwaukee 0 - Minnesota 0 |
| BOTTOM OF THE 1ST |
|
Minnesota Twins batting - Pitching for Milwaukee Brewers : LHP Tom Underwood
|
|
Pitching: LHP Tom Underwood
|
|
|
Batting: RHB Lee Lacy
|
0-0: Called Strike 0-1: SINGLE (Flyball, 7S, EV 89.4 MPH)
|
|
Batting: RHB Steve Brye
|
0-0: Ball 1-0: Ball 2-0: Foul Ball, location: 2F 2-1: Called Strike 2-2: Ball 3-2: Base on Balls Lee Lacy to second
|
|
Batting: RHB Tom Brown
|
0-0: Called Strike 0-1: Ball 1-1: Grounds into double play, 6-4-3 (Groundball, 6, EV 90.0 MPH) Lee Lacy to third
|
|
Batting: RHB Randy Edwards
|
0-0: Ball 1-0: Called Strike 1-1: Fly out, F8 (Flyball, 8RXD, EV 110.0 MPH)
|
| Bottom of the 1st over - 0 runs, 1 hit, 0 errors, 1 left on base; Milwaukee 0 - Minnesota 0 |
| TOP OF THE 2ND |
|
Milwaukee Brewers batting - Pitching for Minnesota Twins : RHP Marcos Ortega
|
|
Batting: RHB Mike Schmidt
|
0-0: Ball 1-0: Ball 2-0: Swinging Strike 2-1: Ball 3-1: Base on Balls
|
|
Batting: RHB Thurman Munson
|
0-0: Foul Ball, location: 2F 0-1: SINGLE (Line Drive, 9LS, EV 104.4 MPH) Mike Schmidt to second
|
|
Batting: LHB Denny Walling
|
0-0: Ball 1-0: Called Strike 1-1: Grounds into double play, 5-4-3 (Groundball, 56, EV 98.1 MPH) Mike Schmidt to third
|
|
Batting: RHB Ken Landreaux
|
0-0: Foul Ball, location: 2F 0-1: SINGLE (Groundball, 4M, EV 81.9 MPH) (infield hit) Mike Schmidt scores
|
|
Batting: SHB Alfredo Griffin
|
0-0: Called Strike 0-1: Swinging Strike 0-2: Strikes out looking
|
| Top of the 2nd over - 1 run, 2 hits, 0 errors, 1 left on base; Milwaukee 1 - Minnesota 0 |
| BOTTOM OF THE 2ND |
|
Minnesota Twins batting - Pitching for Milwaukee Brewers : LHP Tom Underwood
|
|
Batting: RHB Chet Lemon
|
0-0: Fly out, F8 (Line Drive, 8RM, EV 93.1 MPH)
|
|
Batting: LHB Lloyd Moseby
|
0-0: Called Strike 0-1: Ball 1-1: Swinging Strike 1-2: Ball 2-2: Foul Ball, location: 2F 2-2: Fly out, F7 (Flyball, 7LM, EV 90.0 MPH)
|
|
Batting: RHB George Foster
|
0-0: Foul Ball, location: 2F 0-1: Ground out 5-3 (Groundball, 56, EV 89.4 MPH)
|
| Bottom of the 2nd over - 0 runs, 0 hits, 0 errors, 0 left on base; Milwaukee 1 - Minnesota 0 |
| TOP OF THE 3RD |
|
Milwaukee Brewers batting - Pitching for Minnesota Twins : RHP Marcos Ortega
|
|
Batting: RHB Steve Sax
|
0-0: Ball 1-0: Swinging Strike 1-1: Ball 2-1: Ball 3-1: Base on Balls
|
|
Batting: LHB Von Hayes
|
0-0: Called Strike Pickoff Throw to First - Out! 1-3 0-1: Swinging Strike 0-2: Ball 1-2: Ball 2-2: Ball 3-2: Foul Ball, location: 2F 3-2: Foul Ball, location: 2F 3-2: SINGLE (Groundball, 34S, EV 63.8 MPH) (infield hit)
|
|
Batting: RHB Eric Davis
|
0-0: Ball Wild Pitch! Von Hayes to second 1-0: Ball 2-0: Ball 3-0: Base on Balls
|
|
Batting: SHB Eddie Murray
|
0-0: Fielders Choice at 2nd, 6-4 (Groundball, 6D, EV 105.6 MPH) Von Hayes to third
|
|
Batting: RHB Mike Schmidt
|
0-0: Called Strike 0-1: Swinging Strike 0-2: Strikes out looking
|
| Top of the 3rd over - 0 runs, 1 hit, 0 errors, 2 left on base; Milwaukee 1 - Minnesota 0 |
| BOTTOM OF THE 3RD |
|
Minnesota Twins batting - Pitching for Milwaukee Brewers : LHP Tom Underwood
|
|
Batting: RHB Brook Jacoby
|
0-0: Called Strike 0-1: Ball 1-1: Fly out, F7 (Flyball, 7LM, EV 80.0 MPH)
|
|
Batting: LHB Ken Oberkfell
|
0-0: Called Strike 0-1: Foul Ball, location: 2F 0-2: Foul Ball, location: 2F 0-2: Ball 1-2: Fly out, F9 (Flyball, 9LM, EV 107.5 MPH)
|
|
Batting: RHB Lee Lacy
|
0-0: Called Strike 0-1: Called Strike 0-2: Ground out 6-3 (Groundball, 6, EV 81.3 MPH)
|
| Bottom of the 3rd over - 0 runs, 0 hits, 0 errors, 0 left on base; Milwaukee 1 - Minnesota 0 |
| TOP OF THE 4TH |
|
Milwaukee Brewers batting - Pitching for Minnesota Twins : RHP Marcos Ortega
|
|
Batting: RHB Thurman Munson
|
0-0: Called Strike 0-1: Ground out 6-3 (Groundball, 6, EV 106.9 MPH)
|
|
Batting: LHB Denny Walling
|
0-0: Foul Ball, location: 2F 0-1: Foul Ball, location: 2F 0-2: Ball 1-2: DOUBLE (Line Drive, 9LM, EV 108.8 MPH)
|
|
Batting: RHB Ken Landreaux
|
0-0: Called Strike 0-1: Foul Ball, location: 2F 0-2: Strikes out swinging
|
|
Batting: SHB Alfredo Griffin
|
0-0: Ball 1-0: Called Strike 1-1: Swinging Strike 1-2: Ball 2-2: Strikes out swinging
|
| Top of the 4th over - 0 runs, 1 hit, 0 errors, 1 left on base; Milwaukee 1 - Minnesota 0 |
| BOTTOM OF THE 4TH |
|
Minnesota Twins batting - Pitching for Milwaukee Brewers : LHP Tom Underwood
|
|
Batting: RHB Steve Brye
|
0-0: Ball 1-0: Ball 2-0: Fly out, F9 (Flyball, 9S, EV 90.0 MPH)
|
|
Batting: RHB Tom Brown
|
0-0: Ball 1-0: Called Strike 1-1: Called Strike 1-2: SINGLE (Flyball, 78S, EV 91.9 MPH)
|
|
Batting: RHB Randy Edwards
|
0-0: Ball 1-0: Called Strike 1-1: Foul Ball, location: 2F 1-2: Foul Ball, location: 2F 1-2: Foul Ball, location: 2F 1-2: Fly out, F9 (Flyball, 9, EV 86.3 MPH)
|
|
Batting: RHB Chet Lemon
|
0-0: Foul Ball, location: 2F 0-1: Ball 1-1: Swinging Strike 1-2: Ball 2-2: Foul Ball, location: 2F 2-2: SINGLE (Groundball, 6MD, EV 95.0 MPH) Tom Brown to second Runner from 2nd tries for 3rd, SAFE, no throw by CF
|
|
Batting: LHB Lloyd Moseby
|
0-0: Ball Wild Pitch! Tom Brown scores Chet Lemon to second 1-0: SINGLE (Flyball, 3D, EV 99.4 MPH) Chet Lemon to third Runner from 3rd tries for Home, SAFE, throw by RF to home
|
|
Batting: RHB George Foster
|
0-0: Ball 1-0: Ball 2-0: Ball 3-0: Base on Balls Lloyd Moseby to second
|
|
Batting: RHB Brook Jacoby
|
0-0: Called Strike 0-1: Ball 1-1: Ball 2-1: Foul Ball, location: 2F 2-2: Ball 3-2: Base on Balls Lloyd Moseby to third George Foster to second
|
|
Batting: LHB Ken Oberkfell
|
0-0: SINGLE (Groundball, 5D, EV 100.6 MPH) Lloyd Moseby scores George Foster to third Brook Jacoby to second Runner from 3rd tries for Home, SAFE, throw by LF to home Brook Jacoby to third Ken Oberkfell to second
|
|
Batting: RHB Lee Lacy
|
0-0: Ball 1-0: Foul Ball, location: 2F 1-1: Ground out 6-3 (Groundball, 6, EV 83.1 MPH)
|
| Bottom of the 4th over - 4 runs, 4 hits, 0 errors, 2 left on base; Milwaukee 1 - Minnesota 4 |
| TOP OF THE 5TH |
|
Milwaukee Brewers batting - Pitching for Minnesota Twins : RHP Marcos Ortega
|
|
Batting: RHB Steve Sax
|
0-0: Ball 1-0: Swinging Strike 1-1: Ball 2-1: Swinging Strike 2-2: Strikes out swinging
|
|
Batting: LHB Von Hayes
|
0-0: Called Strike 0-1: SINGLE (Line Drive, 8RS, EV 95.0 MPH)
|
|
Batting: RHB Eric Davis
|
0-0: Called Strike Von Hayes steals 2nd base 0-1: Called Strike 0-2: Ball 1-2: Strikes out swinging
|
|
Batting: SHB Eddie Murray
|
0-0: Ball 1-0: Swinging Strike 1-1: Swinging Strike 1-2: Fly out, F7 (Flyball, 7LS, EV 80.0 MPH)
|
| Top of the 5th over - 0 runs, 1 hit, 0 errors, 1 left on base; Milwaukee 1 - Minnesota 4 |
| BOTTOM OF THE 5TH |
|
Minnesota Twins batting - Pitching for Milwaukee Brewers : LHP Tom Underwood
|
|
Batting: RHB Steve Brye
|
0-0: Foul Ball, location: 2F 0-1: Called Strike 0-2: Hit by Pitch
|
|
Batting: RHB Tom Brown
|
0-0: Ball 1-0: Ball 2-0: Ball 3-0: Called Strike 3-1: Base on Balls Steve Brye to second
|
|
Batting: RHB Randy Edwards
|
0-0: Ball 1-0: Ball 2-0: Called Strike 2-1: Called Strike 2-2: Foul Ball, location: 2F 2-2: Ball 3-2: SINGLE (Line Drive, 56, EV 96.9 MPH) Steve Brye to third Tom Brown to second Runner from 3rd tries for Home, SAFE, throw by LF to home
|
|
Batting: RHB Chet Lemon
|
0-0: Ball 1-0: 3-RUN HOME RUN (Flyball, 7LD, EV 101.9 MPH), Distance : 383 ft
|
|
Pitching: RHP Ron Oglesby
|
|
|
Batting: LHB Lloyd Moseby
|
0-0: Ball 1-0: Called Strike 1-1: Swinging Strike 1-2: Ball 2-2: Ball 3-2: Fly out, F8 (Flyball, 78D, EV 102.5 MPH)
|
|
Batting: RHB George Foster
|
0-0: Ball 1-0: Ball 2-0: Foul Ball, location: 2F 2-1: Foul Ball, location: 2F 2-2: Fly out, F9 (Flyball, 89M, EV 88.8 MPH)
|
|
Batting: RHB Brook Jacoby
|
0-0: Ball 1-0: Called Strike 1-1: Ball 2-1: Swinging Strike 2-2: Ground out 6-3 (Groundball, 56D, EV 95.6 MPH)
|
| Bottom of the 5th over - 4 runs, 2 hits, 0 errors, 0 left on base; Milwaukee 1 - Minnesota 8 |
| TOP OF THE 6TH |
|
Milwaukee Brewers batting - Pitching for Minnesota Twins : RHP Marcos Ortega
|
|
Batting: RHB Mike Schmidt
|
0-0: Called Strike 0-1: Foul Ball, location: 2F 0-2: Ball 1-2: Ball 2-2: Ground out 6-3 (Groundball, 6, EV 85.6 MPH)
|
|
Batting: RHB Thurman Munson
|
0-0: Swinging Strike 0-1: Ball 1-1: Ball 2-1: Ball 3-1: SINGLE (Line Drive, 4MD, EV 105.6 MPH)
|
|
Batting: LHB Denny Walling
|
0-0: Ball 1-0: Ball 2-0: Foul Ball, location: 2F 2-1: Foul Ball, location: 2F 2-2: Foul Ball, location: 2F 2-2: Ball 3-2: Foul Ball, location: 2F 3-2: Base on Balls Thurman Munson to second
|
|
Batting: RHB Ken Landreaux
|
0-0: Swinging Strike 0-1: Foul Ball, location: 2F 0-2: Strikes out looking
|
|
Pitching: RHP Mark Fidrych
|
|
|
Batting: SHB Alfredo Griffin
|
0-0: Foul Ball, location: 2F 0-1: Fly out, F8 (Flyball, 8RM, EV 95.0 MPH)
|
| Top of the 6th over - 0 runs, 1 hit, 0 errors, 2 left on base; Milwaukee 1 - Minnesota 8 |
| BOTTOM OF THE 6TH |
|
Minnesota Twins batting - Pitching for Milwaukee Brewers : RHP Ron Oglesby
|
|
Batting: LHB Ken Oberkfell
|
0-0: Reached on error, E3 (Groundball, 3S, EV 85.6 MPH)
|
|
Batting: RHB Lee Lacy
|
0-0: Ball 1-0: Foul Ball, location: 2F 1-1: Ground out 6-3 (Groundball, 6, EV 83.1 MPH) Ken Oberkfell to second
|
|
Batting: RHB Steve Brye
|
0-0: Fly out, F4 (Popup, 34D, EV 70.0 MPH)
|
|
Batting: RHB Tom Brown
|
0-0: Called Strike 0-1: Ball 1-1: Ground out U3 (Groundball, 34, EV 82.5 MPH)
|
| Bottom of the 6th over - 0 runs, 0 hits, 1 error, 1 left on base; Milwaukee 1 - Minnesota 8 |
| TOP OF THE 7TH |
|
Milwaukee Brewers batting - Pitching for Minnesota Twins : RHP Mark Fidrych
|
|
Batting: RHB Steve Sax
|
0-0: Called Strike 0-1: Foul Ball, location: 2F 0-2: Ball 1-2: Fly out, F7 (Line Drive, 7, EV 84.4 MPH)
|
|
Batting: LHB Von Hayes
|
0-0: Ball 1-0: Fly out, F8 (Flyball, 8LD, EV 101.9 MPH)
|
|
Pinch Hitting: RHB Kevin Buckley
|
0-0: Called Strike 0-1: Swinging Strike 0-2: Ball 1-2: Ball 2-2: Strikes out looking
|
| Top of the 7th over - 0 runs, 0 hits, 0 errors, 0 left on base; Milwaukee 1 - Minnesota 8 |
| BOTTOM OF THE 7TH |
|
Minnesota Twins batting - Pitching for Milwaukee Brewers : RHP Ron Oglesby
|
|
Now in RF: Kevin Buckley
|
|
|
Batting: RHB Randy Edwards
|
0-0: Ball 1-0: Ball 2-0: Fly out, F9 (Flyball, 89M, EV 93.1 MPH)
|
|
Pinch Hitting: LHB Eloy Escobedo
|
0-0: Ball 1-0: Called Strike 1-1: Fly out, F8 (Flyball, 8LD, EV 83.1 MPH)
|
|
Pinch Hitting: SHB Jerry Mumphrey
|
0-0: Swinging Strike 0-1: Ball 1-1: Foul Ball, location: 2F 1-2: Ground out 6-3 (Groundball, 6M, EV 88.8 MPH)
|
| Bottom of the 7th over - 0 runs, 0 hits, 0 errors, 0 left on base; Milwaukee 1 - Minnesota 8 |
| TOP OF THE 8TH |
|
Milwaukee Brewers batting - Pitching for Minnesota Twins : RHP Mark Fidrych
|
|
Now in LF: Eloy Escobedo
|
|
|
Now in RF: Jerry Mumphrey
|
|
|
Batting: SHB Eddie Murray
|
0-0: Foul Ball, location: 2F 0-1: Ball 1-1: SOLO HOME RUN (Flyball, 7LD, EV 107.5 MPH), Distance : 365 ft
|
|
Batting: RHB Mike Schmidt
|
0-0: Foul Ball, location: 2F 0-1: SINGLE (Line Drive, 8RS, EV 97.5 MPH)
|
|
Batting: RHB Thurman Munson
|
0-0: Swinging Strike 0-1: Ball 1-1: Fly out, F9 (Flyball, 9S, EV 80.0 MPH)
|
|
Batting: LHB Denny Walling
|
0-0: Hit by Pitch Mike Schmidt to second
|
|
Batting: RHB Ken Landreaux
|
0-0: Called Strike 0-1: Ball 1-1: DOUBLE (Flyball, 8RXD, EV 103.1 MPH) Mike Schmidt scores Denny Walling to third Runner from 3rd tries for Home, SAFE, no throw by CF
|
|
Pitching: RHP Scott Brown
|
|
|
Batting: SHB Alfredo Griffin
|
0-0: Called Strike 0-1: Ground out U3 (Groundball, 34, EV 107.5 MPH) Ken Landreaux to third
|
|
Batting: RHB Steve Sax
|
0-0: Called Strike 0-1: Foul Ball, location: 2F 0-2: Ball 1-2: Foul Ball, location: 2F 1-2: Foul Ball, location: 2F 1-2: Foul Ball, location: 2F 1-2: Ground out 6-3 (Groundball, 6D, EV 101.3 MPH)
|
| Top of the 8th over - 3 runs, 3 hits, 0 errors, 1 left on base; Milwaukee 4 - Minnesota 8 |
| BOTTOM OF THE 8TH |
|
Minnesota Twins batting - Pitching for Milwaukee Brewers : RHP Ron Oglesby
|
|
Batting: RHB George Foster
|
0-0: Ball 1-0: Ball 2-0: Fly out, F8 (Flyball, 8LM, EV 67.5 MPH)
|
|
Batting: RHB Brook Jacoby
|
0-0: Swinging Strike 0-1: Ground out 4-3 (Groundball, 4, EV 79.4 MPH)
|
|
Batting: LHB Ken Oberkfell
|
0-0: Ball 1-0: Foul Ball, location: 2F 1-1: Fly out, F3 (Line Drive, 3, EV 70.0 MPH)
|
| Bottom of the 8th over - 0 runs, 0 hits, 0 errors, 0 left on base; Milwaukee 4 - Minnesota 8 |
| TOP OF THE 9TH |
|
Milwaukee Brewers batting - Pitching for Minnesota Twins : RHP Scott Brown
|
|
Batting: LHB Von Hayes
|
0-0: Ball 1-0: Ball 2-0: Ground out U3 (Groundball, 34, EV 80.6 MPH)
|
|
Batting: RHB Kevin Buckley
|
0-0: Ball 1-0: Ground out 6-3 (Groundball, 6, EV 83.1 MPH)
|
|
Batting: SHB Eddie Murray
|
0-0: Fly out, F7 (Flyball, 78S, EV 90.0 MPH)
|
| Top of the 9th over - 0 runs, 0 hits, 0 errors, 0 left on base; Milwaukee 4 - Minnesota 8 |
|